Map: Blackpink LE

Players

soul

  • Race: Terran Terran
  • League: Grandmaster
  • Spawn Location: 7:00

liquidthermy (uThermal) - Winner!

  • Race: Terran Terran
  • League: Grandmaster
  • Spawn Location: 1:00

VOD

Have the link to the VOD?

Description

Time

  • Played on: Jan. 12, 2018, 7:01 a.m.
  • Length: 13:01
Show
View Real Time Build Order
Export as new Build Order

soul Terran 

Build Orders: Gas First Reaper Expand, Reaper Expand, MMM Bio 

Get SALT Encoding   

  12  0:00  SCV  
  13  0:12  SCV  
  14  0:18  Supply Depot  
  14  0:25  SCV  
  15  0:30  Refinery  
  15  0:39  SCV  
  16  0:43  Barracks  
  16  0:51  SCV  
  17  1:03  SCV  
  18  1:16  SCV  
  19  1:31  Reaper, Orbital Command  
  20  1:50  Command Center  
  20  1:57  SCV  
  21  2:02  Factory  
  21  2:07  Reaper  
  22  2:11  Supply Depot  
  22  2:13  SCV  
  23  2:19  Refinery  
  23  2:32  SCV  
  23  2:45  SCV  
  23  2:49  Starport, Hellion  
  26  2:57  SCV  
  27  3:04  Barracks Reactor  
  27  3:09  SCV  
  28  3:13  Factory Tech Lab  
  28  3:15  Orbital Command  
  28  3:21  SCV  
  29  3:33  SCV  
  29  3:40  Banshee  
  29  3:41  Marine x2  
  34  3:42  SCV  
  34  3:45  SCV  
  36  3:54  SCV  
  37  3:57  SCV  
  37  3:58  Marine x2  
  37  3:59  Cyclone, Supply Depot  
  42  4:06  SCV  
  42  4:09  SCV  
  44  4:13  Barracks x2  
  44  4:16  Marine x2, Supply Depot  
  46  4:23  SCV  
  43  4:28  SCV  
  45  4:34  Marine x2  
  46  4:39  Raven  
  46  4:40  SCV  
  46  4:41  Engineering Bay, SCV  
  46  4:44  Supply Depot  
  46  4:45  Factory Tech Lab  
  47  4:53  SCV x2  
  47  4:58  Marine x2  
  51  5:03  Barracks Reactor  
  51  5:05  SCV x2  
  51  5:16  Marine x2  
  51  5:17  SCV x2  
  51  5:21  Refinery, Terran Infantry Weapons Level 1  
  53  5:22  Refinery  
  53  5:29  SCV x2  
  53  5:30  Siege Tank  
  55  5:37  Marine  
  55  5:38  Starport Reactor  
  55  5:39  Marine  
  55  5:41  SCV x2  
  59  5:44  Stimpack  
  59  5:46  Command Center  
  59  5:48  Marine  
  59  5:53  SCV  
  59  5:54  Marine  
  59  5:55  SCV  
  59  5:56  Marine  
  59  5:57  Marine  
  62  6:05  SCV  
  62  6:10  Marine  
  64  6:14  Marine x3  
  64  6:16  Barracks, SCV  
  64  6:17  Barracks  
  68  6:21  Supply Depot  
  68  6:23  Supply Depot  
  68  6:24  Marine  
  69  6:34  SCV  
  70  6:42  Medivac x2, Marine x4  
  70  6:45  SCV  
  79  6:47  Siege Tank  
  79  6:49  SCV  
  83  6:54  Marine  
  83  6:59  SCV  
  83  7:00  Marine  
  85  7:03  Marine x2  
  85  7:05  Orbital Command  
  85  7:06  SCV  
  85  7:07  Marine  
  85  7:08  Barracks Reactor x2  
  88  7:12  Marine, SCV  
  89  7:16  Medivac  
  89  7:18  Marine, SCV  
  89  7:19  Terran Infantry Armor Level 1  
  89  7:20  Marine  
  94  7:24  Marine x2  
  94  7:25  SCV  
  96  7:33  SCV x2  
  96  7:34  Siege Tank  
  101  7:42  Sensor Tower  
  101  7:44  Combat Shields  
  101  7:47  Marine  
  101  7:48  Marine  
  101  7:49  Marine  
  101  8:01  Marine  
  101  8:02  Marine x2  
  101  8:03  SCV x2  
  101  8:05  Marine x2, SCV  
  101  8:06  Marine x2  
  101  8:20  Supply Depot  
  101  8:21  Marine x5  
  101  8:22  SCV x2, Supply Depot  
  101  8:23  SCV, Supply Depot  
  109  8:31  Armory  
  109  8:32  Engineering Bay  
  109  8:42  Marine x8  
  109  8:43  Missile Turret, Medivac x2, Marine  
  109  8:44  Siege Tank, SCV  
  109  8:46  Missile Turret  
  109  8:48  Supply Depot x2  
  126  8:50  Supply Depot  
  126  8:53  Refinery  
  126  8:54  SCV  
  127  8:59  Marine x4  
  123  9:03  Concussive Shells, Marine x2  
  123  9:05  Marine  
  123  9:06  Marine  
  123  9:07  Marine  
  117  9:13  Medivac x2  
  117  9:17  Marine x4  
  117  9:21  Marine  
  117  9:22  Marine  
  120  9:24  Marine  
  120  9:25  Marine, SCV  
  120  9:26  Marine  
  123  9:35  Marine x3  
  123  9:39  Marine  
  123  9:43  Medivac x2  
  123  9:44  Marine  
  118  9:47  Marine x4  
  116  9:53  Marine  
  116  9:54  SCV  
  116  9:59  Terran Infantry Weapons Level 2  
  118  10:02  Marine x2, SCV  
  118  10:03  Marine  
  122  10:09  Marine x2, Siege Tank  
  122  10:13  Medivac x2, Marine  
  129  10:14  Marine  
  129  10:17  Marine  
  129  10:20  Marine x2  
  131  10:23  Marine  
  127  10:29  Marine  
  127  10:32  Marine x2  
  127  10:33  Liberator x2  
  118  10:35  Marine  
  118  10:37  Marine  
  118  10:40  SCV  
  118  10:41  Marine, SCV x2  
  120  10:46  Siege Tank  
  123  10:52  SCV  
  123  10:53  SCV x2  
  132  10:59  Marine, Engineering Bay  
  132  11:03  Marine  
  134  11:05  Marine, SCV x3, Factory  
  134  11:06  Marine  
  134  11:08  Marine  
  134  11:09  Marine  
  134  11:11  Marine  
  142  11:14  Marine  
  142  11:15  Marine  
  142  11:17  Marine, SCV  
  146  11:23  Marine  
  147  11:27  Siege Tank  
  147  11:28  Marine x2  
  147  11:29  Marine  
  147  11:30  Marine  
  147  11:32  Marine  
  153  11:33  Marine  
  153  11:37  Marine  
  130  11:40  Marine  
  130  11:41  Marine  
  130  11:45  Marine  
  130  11:46  Marine  
  116  11:47  Medivac, Marine  
  116  11:48  Marine  
  116  11:50  Marine  
  116  11:51  Marine  
  122  11:55  Marine  
  122  11:58  Marine, Factory Tech Lab  
  122  11:59  Marine, Siege Tank  
  128  12:03  Marine  
  128  12:04  Medivac, Marine  
  128  12:05  Marine  
  128  12:06  Marine  
  128  12:08  Marine x2  
  134  12:12  Marine  
  134  12:16  Marine  
  134  12:17  Marine  
  134  12:21  Marine  
  134  12:22  Marine x2  
  120  12:24  Marine  
  120  12:26  Marine x2  
  110  12:30  Marine  
  110  12:33  Marine  
  110  12:34  Marine  
  99  12:39  Marine x2  
  99  12:40  Marine  
  99  12:41  Marine  
Show
View Real Time Build Order
Export as new Build Order

liquidthermy Terran - Winner!

Build Orders: Gas First Reaper Expand, Reaper Expand, Bio Tank, Banshee Rush 

Get SALT Encoding   

  12  0:01  SCV  
  13  0:13  SCV  
  14  0:21  Supply Depot  
  14  0:25  SCV  
  15  0:28  Refinery  
  16  0:42  SCV  
  16  0:45  Barracks  
  16  0:55  SCV  
  17  1:07  SCV  
  18  1:19  SCV  
  19  1:32  Reaper, Orbital Command  
  20  1:47  Command Center  
  20  1:58  SCV  
  20  2:00  Factory  
  21  2:05  Reaper  
  22  2:10  Supply Depot  
  22  2:16  Refinery  
  22  2:18  SCV  
  23  2:31  SCV  
  23  2:43  SCV  
  23  2:46  Hellion  
  23  2:47  Starport  
  25  2:51  Barracks Tech Lab  
  25  2:55  SCV  
  26  2:59  Orbital Command  
  26  3:07  Hellion  
  26  3:08  SCV  
  29  3:20  SCV  
  29  3:28  SCV  
  29  3:31  Hellion  
  29  3:32  SCV  
  33  3:40  SCV  
  34  3:42  Banshee, Cloaking Field  
  34  3:44  SCV  
  34  3:45  Barracks Reactor  
  38  3:52  SCV  
  38  3:55  Supply Depot  
  39  3:56  Cyclone, SCV  
  43  4:04  SCV  
  43  4:07  Engineering Bay  
  43  4:08  SCV  
  43  4:09  Refinery  
  45  4:15  Bunker  
  45  4:16  SCV  
  46  4:20  SCV  
  47  4:28  SCV  
  47  4:29  Banshee  
  49  4:31  Marine, Factory Tech Lab  
  49  4:32  Marine, SCV  
  49  4:36  Missile Turret  
  49  4:39  Missile Turret  
  49  4:47  Missile Turret  
  49  4:49  Marine x2, SCV  
  49  4:50  SCV  
  53  4:54  Supply Depot  
  53  4:55  Terran Infantry Weapons Level 1  
  53  5:01  SCV  
  53  5:02  Supply Depot  
  54  5:15  SCV x2  
  53  5:23  Barracks  
  53  5:24  Barracks  
  53  5:27  SCV x2  
  52  5:29  Starport Reactor, Siege Tank  
  52  5:30  Stimpack, Marine  
  56  5:44  Barracks x2, SCV  
  56  5:45  SCV  
  56  5:48  Marine  
  59  5:56  SCV  
  60  5:57  SCV  
  60  5:59  Refinery  
  60  6:01  Siege Tank  
  60  6:02  Supply Depot  
  64  6:06  Marine  
  64  6:09  SCV  
  66  6:16  Starport Reactor, Marine x2  
  65  6:21  Marine  
  65  6:22  Marine  
  65  6:25  Supply Depot  
  68  6:32  Barracks Reactor x2  
  68  6:33  Siege Tank  
  68  6:34  Marine  
  68  6:37  Marine  
  72  6:40  Marine  
  72  6:42  Marine  
  74  6:47  Command Center, Supply Depot  
  74  6:49  Marine  
  74  6:51  Terran Infantry Armor Level 1  
  74  6:53  Marine  
  76  6:55  Marine  
  76  6:56  Medivac  
  76  6:58  Medivac, Marine  
  80  7:06  Marine  
  80  7:07  Marine  
  77  7:09  Marine x2, Siege Tank  
  77  7:10  Marine  
  77  7:11  Marine x2  
  85  7:16  Marine x2, Supply Depot  
  87  7:23  Marine  
  87  7:28  Medivac x2  
  92  7:30  Combat Shields  
  92  7:31  Marine  
  92  7:32  Supply Depot  
  92  7:33  Marine  
  94  7:40  Marine  
  94  7:41  Marine, Siege Tank  
  94  7:42  Marine  
  94  7:51  Marine  
  94  7:52  Marine x2  
  94  7:54  Marine x2  
  94  7:55  Marine  
  94  7:58  Medivac  
  93  8:07  Marine  
  93  8:12  Medivac  
  96  8:14  Marine x2, Orbital Command  
  96  8:16  Marine  
  96  8:17  Marine x2  
  96  8:19  Siege Tank  
  104  8:20  SCV  
  104  8:22  SCV  
  104  8:25  Marine  
  107  8:28  Medivac  
  107  8:33  Marine x2, SCV  
  112  8:34  Marine, Armory  
  112  8:35  Marine, SCV  
  112  8:37  Marine  
  112  8:41  Marine, SCV, Supply Depot  
  117  8:45  Marine x2  
  120  8:49  SCV  
  120  8:50  Supply Depot  
  120  8:53  Siege Tank  
  120  8:55  Marine  
  125  9:00  Marine  
  122  9:08  Medivac, Marine x2  
  113  9:11  Marine x2  
  113  9:12  Marine x2  
  113  9:16  Marine x2  
  113  9:17  Medivac  
  121  9:20  Marine  
  119  9:25  Marine, SCV  
  119  9:26  Marine, SCV  
  119  9:29  Marine x2  
  119  9:30  Marine  
  125  9:33  Marine  
  125  9:34  Marine  
  127  9:38  Medivac  
  127  9:39  SCV  
  127  9:41  SCV  
  127  9:44  Marine x2  
  127  9:45  Terran Infantry Weapons Level 2  
  110  9:47  Medivac  
  110  9:49  Marine x2  
  110  9:51  SCV  
  109  9:53  Siege Tank  
  109  9:54  Marine  
  109  9:55  Marine  
  109  9:57  Marine  
  109  9:59  Marine x2  
  116  10:02  Marine  
  118  10:08  Medivac, Marine x2  
  122  10:16  Medivac  
  122  10:20  Marine x2  
  125  10:31  Marine x2  
  125  10:32  Marine x2  
  125  10:33  Marine x2, Siege Tank  
  125  10:34  Marine  
  116  10:38  Medivac, Marine x2  
  117  10:46  Medivac  
  117  10:49  Marine x2  
  121  10:50  Marine x2  
  121  10:51  Barracks, Marine x2  
  121  10:52  Barracks x2  
  121  10:56  Marine  
  126  10:57  Marine x2  
  128  11:07  Marine x2  
  128  11:08  Medivac  
  130  11:13  Marine x2  
  130  11:16  Marine  
  130  11:17  Marine  
  130  11:18  Supply Depot  
  134  11:19  Siege Tank  
  134  11:20  Marine x2, Supply Depot  
  134  11:23  Marine  
  134  11:24  Marine  
  134  11:25  Marine  
  139  11:30  Medivac  
  139  11:31  Marine  
  134  11:36  Marine  
  134  11:38  Medivac  
  123  11:43  Marine x3  
  123  11:46  Marine x3  
  125  11:49  Marine  
  125  11:52  Marine x2, SCV  
  125  11:53  Supply Depot  
  129  11:54  Marine  
  129  11:56  Marine, Siege Tank  
  129  11:58  Marine  
  129  12:00  Medivac  
  137  12:02  Marine  
  137  12:03  Marine  
  137  12:05  Marine  
  126  12:29  Marine  
  123  12:33  Marine x2  
  120  12:38  Marine  
  120  12:41  Marine  
  120  12:42  Marine x2  
  120  12:43  Marine  
Tags
 
Add a new tag
Caveats
  • Supply blocks, unpowered buildings, or Contaminate may cause inaccurate times.
  • Supply counts are checked every 10 seconds.